 Dungeon Crawl Stone Soup version 0.29-a0-643-ga013cefcf8 (webtiles) character file.

Game seed: 12154185331032006369

2 Sabo the Ducker (level 1, -5/18 HPs)
             Began as a Djinni Gladiator on June 19, 2022.
             Frozen to death by an endoplasm (6 damage)
             ... on level 1 of the Dungeon.
             The game lasted 00:00:57 (94 turns).

Sabo the Ducker (Djinni Gladiator)                    Turns: 94, Time: 00:00:59

Health: -5/18      AC:  6    Str: 13    XL:     1   Next: 44%
Gold:   0          EV: 11    Int:  9    God:
                   SH:  0    Dex: 14

rFire   + + .      SeeInvis .   a - +0 long sword
rCold   x . .      Faith    .   (no shield)
rNeg    . . .      Spirit   .   g - +0 ring mail
rPois   ∞          Reflect  .   c - +0 helmet
rElec   .          Harm     .   (no cloak)
rCorr   .          Rampage  .   (no gloves)
Will    .....                   (boots unavailable)
Stlth   +.........              (no amulet)
HPRegen 0.06/turn               (no ring)
MPRegen 0.00/turn               (no ring)

@: flying
A: sickness immunity, fire resistance 2, cold vulnerability 1, float, innate
caster, HP casting, extra vitality 1
a: no special abilities


You were on level 1 of the Dungeon.
You visited 1 branch of the dungeon, and saw 1 of its levels.

Inventory:

Hand Weapons
 a - a +0 long sword (weapon)
Missiles
 d - 3 throwing nets (quivered)
 e - a javelin
Armour
 c - a +0 helmet (worn)
 g - a +0 ring mail (worn)
Potions
 f - a potion of berserk rage {unknown}


   Skills:
 + Level 2.0 Fighting
 + Level 2.8 Long Blades
 + Level 1.5 Throwing
 + Level 3.3 Dodging


You couldn't memorise any spells.
You didn't know any spells.
Your spell library was empty.

Dungeon Overview and Level Annotations

Branches:
Dungeon (1/15)

Altars:


Innate Abilities, Weirdness & Mutations

You are immune to sickness and miasma.
You are immune to poison.
Your flesh is very heat resistant. (rF++)
You are vulnerable to cold. (rC-)
You float through the air rather than walking.
You learn spells naturally, not from books.
Your magical power is your life essence.
You have superior vitality. (+4 MHP)


Message History

The endoplasm quivers.
The jackal barks!
You hear a shout!
An endoplasm comes into view.
A goblin comes into view. It is wielding a +0 dagger.
Found a glowing onyx ring.
Found an escape hatch in the floor.
The goblin shouts!
A kobold comes into view. It is wielding a +1 dagger of freezing.
You barely miss the jackal. The jackal barely misses you.
You barely miss the jackal. The jackal bites you. The jackal barely misses you.
You hit the jackal but do no damage. The jackal barely misses you.
The endoplasm freezes you.
You are frozen.
The jackal bites you but does no damage.
You closely miss the jackal.
The jackal bites you but does no damage.
The endoplasm closely misses you. The jackal misses you.
You barely miss the jackal.
The jackal bites you but does no damage.
The endoplasm misses you. The endoplasm freezes you.
You are frozen.
You feel a terrible chill!
The jackal bites you but does no damage.
You hit the jackal.
You kill the jackal!
The endoplasm hits you.
You hit the endoplasm but do no damage. The kobold barely misses you.
The endoplasm freezes you.
You are frozen.
You feel a terrible chill!
* * * LOW HITPOINT WARNING * * *
You barely miss the endoplasm. The kobold barely misses you.
The endoplasm hits you.
* * * LOW HITPOINT WARNING * * *
You hit the endoplasm.
The endoplasm is heavily wounded.
The kobold barely misses you.
The endoplasm hits you but does no damage.
The kobold hits you but does no damage. The endoplasm freezes you.
You are frozen.
You feel a terrible chill!
You die...

######..##.# #
#..##.# #. #..##.#
##### .### #..##.#
.....> ..# #..##.#
#.#.#.##.# #..##.#
.......#.######..##.#
......#J.........##.#
.....JK@########.##.#
...>.g### #....#
...... ###### .....
..... #.#= ..##


You could see 2 endoplasms, a goblin and a kobold.

Vanquished Creatures
  A jackal (D:1)
  A kobold (D:1)
2 creatures vanquished.

Notes
Turn   | Place    | Note
-------+----------+-------------------------------------------
     0 | D:1      | Sabo the Djinni Gladiator began the quest for the Orb.
     0 | D:1      | Reached XP level 1. HP: 18/18 MP: 0/0
    94 | D:1      | Frozen to death by an endoplasm

Illustrated notes

Levels and vault maps discovered:
D:1:      psy_arrival_spokes, layout_loops_ring, minmay_splitting_lines,
          st_stairs_4

Action                   || total
-------------------------++-------
Melee: Long sword        ||    12
Armor: Ring mail         ||     6
       Leather armour    ||     1
Dodge: Dodged            ||    12

Table legend: (Time is in decaauts)
 A = Elapsed time spent in this place.
 B = Non-inter-level travel time spent in this place.
 C = Inter-level travel time spent in this place.
 D = Time resting spent in this place.
 E = Time spent auto-exploring this place.
 F = Levels seen in this place.
 G = Mean time per level.
                   A        B        C        D        E       F      G
               +--------+--------+--------+--------+--------+-----+--------+
         Total |     96 |     96 |      0 |      5 |      0 |   1 |   96.0 |
       Dungeon |     96 |     96 |      0 |      5 |      0 |   1 |   96.0 |
               +--------+--------+--------+--------+--------+-----+--------+

Top non-repeatable levels by time:
     D:1: 96 daAuts
